 Dungeon Crawl Stone Soup version 0.22-a0-247-gbddf880 (webtiles) character file.

1957 JeffiDaFish the Stinger (level 8, -3/57 HPs)
             Began as a Black Draconian Venom Mage on Feb 27, 2018.
             Killed themself with a bounced orb of electricity (8 damage)
             ... on level 6 of the Dungeon.
             The game lasted 00:18:48 (7380 turns).

JeffiDaFish the Stinger (DrVM)                      Turns: 7380, Time: 00:18:49

Health: -3/57      AC:  9    Str: 11    XL:     8   Next: 99%
Magic:  13/17      EV: 12    Int: 17    God:
Gold:   185        SH:  8    Dex: 16    Spells: 10/20 levels left

rFire    . . .     SeeInvis .   p - +2 spear (flame)
rCold    . . .     Gourm    .   k - +3 buckler
rNeg     . . .     Faith    .   (armour unavailable)
rPois    +         Spirit   .   (helmet restricted)
rElec    +         Reflect  .   q - +0 cloak
rCorr    .         Harm     .   d - +0 pair of gloves
MR       .....                  (no boots)
Stlth    +++.......             (no amulet)
HPRegen  0.19/turn              e - +4 ring of dexterity
MPRegen  0.15/turn              c - ring of stealth

@: no status effects
A: breathe lightning, unfitting armour, poison resistance, shaggy fur 1,
electricity resistance, cold-blooded, AC +6
a: Breathe Lightning


You were on level 6 of the Dungeon.
You were not hungry.

You visited 1 branch of the dungeon, and saw 7 of its levels.

You collected 185 gold pieces.

Inventory:

Hand Weapons
 j - a +3 flail of protection
 l - a +0 spear
 p - a +2 spear of flaming (weapon)
Armour
 d - a +0 pair of gloves (worn)
 k - a +3 buckler (worn)
 q - a +0 cloak (worn)
Jewellery
 c - a ring of stealth (right hand)
 e - a +4 ring of dexterity (left hand)
 s - an uncursed ring of resist corrosion {unknown}
Wands
 r - a wand of disintegration (12)
 t - a wand of iceblast (5)
Scrolls
 b - 5 scrolls of identify
 g - a scroll of magic mapping
 h - 2 scrolls of fog
 n - a scroll of enchant armour
Potions
 f - a potion of curing
 i - 3 potions of mutation
 m - 2 potions of haste
 o - a potion of flight
Comestibles
 a - 12 rations


   Skills:
 - Level 0.3 Fighting
 - Level 0.2 Polearms
 - Level 2.0 Dodging
 - Level 1.9 Stealth
 * Level 2.8 Shields
 - Level 0.9 Unarmed Combat
 * Level 6.5 Spellcasting
 + Level 4.5 Conjurations
 + Level 3.3 Air Magic
 * Level 7.4 Poison Magic


You had 10 spell levels left.
You knew the following spells:

 Your Spells              Type           Power        Failure   Level  Hunger
a - Sting                 Conj/Pois      ####         1%          1    None
b - Poisonous Vapours     Pois/Air       ###...       2%          2    None
c - Mephitic Cloud        Conj/Pois/Air  ###.....     4%          3    ##.....
d - Olgreb's Toxic Radia  Pois           ####....     6%          4    ####...


Dungeon Overview and Level Annotations

Branches:
Dungeon (7/15)             Temple (0/1) D:7

Altars:
Dithmenos
Fedhas
Hepliaklqana
Nemelex Xobeh
Sif Muna
Xom


Innate Abilities, Weirdness & Mutations

You can breathe wild blasts of lightning.
Your glossy black scales are hard. (AC +6)
You cannot fit into any form of body armour.
You are resistant to electric shocks. (rElec)
You are cold-blooded and may be slowed by cold attacks.
Your system is resistant to poisons. (rPois)
You are covered in fur. (AC +1)


Message History

The ice beast hits you.
* * * LOW HITPOINT WARNING * * *
The ice beast freezes you!
You feel yourself slow down.
* * * LOW HITPOINT WARNING * * *
You block the ice beast's attack.
You closely miss the ice beast. You tail-slap the ice beast.
The ice beast is heavily wounded.
The ice beast hits you but does no damage.
You hit the ice beast.
You melt the ice beast.
You tail-slap the ice beast.
The ice beast is almost dead.
You feel yourself speed up. The ice beast closely misses you.
The ice beast hits you but does no damage.
You breathe a wild blast of lightning!
The orb of electricity explodes!
The orb of electricity engulfs the ice beast.
You kill the ice beast!
The orb of electricity engulfs you! You resist.
The orb of electricity explodes!
The orb of electricity engulfs you! You resist.
You die...

.................................
#..#.............................
##..#####........................
##.## #.......#..............#.
#..# ###..##................#. #
##.####...##..###............#.
####......#.##.##.(.........รท....
...###...##.#..#..#..............
.#.....#..#.....@##...........##.
.#####........##)##...........##.
## #...#...)###.##...........##. #
###..........................#.
###..........#.....#...........#.
.##..<.####......###........##.#.
.#..#####....................#...
....### #........................
.....)###.........#..............


There were no monsters in sight!

Vanquished Creatures
  Prince Ribbit (D:6)
  Sigmund (D:3)
  2 ice beasts (D:6)
  2 sky beasts
  A phantom (D:4)
  An ogre (D:6)
  A centaur (D:5)
  Blork the orc (D:5)
  A bullfrog (D:6)
  2 scorpions
  3 orc wizards
  3 hounds
  Crazy Yiuf (D:6)
  3 orc priests
  3 iguanas
  Natasha (thrice) (D:3)
  A worker ant (D:4)
  A hound zombie (D:4)
  A worker ant zombie (D:4)
  12 gnolls
  4 adders
  2 shadow imps
  An ooze (D:1)
  3 adder zombies (D:4)
  5 worms
  3 leopard geckos
  18 orcs
  2 ball pythons
  8 giant cockroaches
  6 goblins
  9 hobgoblins
  11 jackals
  5 kobolds
  2 quokkas (D:6)
  3 bats
  6 frilled lizards
  A giant cockroach zombie (D:4)
  A leopard gecko skeleton (D:4)
  4 rats
  A fungus (D:6)
139 creatures vanquished.

Notes
Turn   | Place    | Note
-------+----------+-------------------------------------------
     0 | D:1      | JeffiDaFish the Draconian Venom Mage began the quest for the Orb.
     0 | D:1      | Reached XP level 1. HP: 14/14 MP: 3/3
   468 | D:1      | Reached XP level 2. HP: 20/20 MP: 3/5
  1155 | D:1      | Reached XP level 3. HP: 26/26 MP: 1/6
  1165 | D:1      | Gained mutation: You are covered in fur. (AC +1) [potion of mutation]
  1165 | D:1      | Gained mutation: Your system is resistant to poisons. (rPois) [potion of mutation]
  1341 | D:1      | Learned a level 2 spell: Poisonous Vapours
  1345 | D:1      | Learned a level 3 spell: Mephitic Cloud
  1763 | D:1      | You fall through a shaft!
  2156 | D:2      | Reached XP level 4. HP: 33/33 MP: 4/8
  2879 | D:3      | Reached skill level 4 in Poison Magic
  2879 | D:3      | Reached XP level 5. HP: 24/38 MP: 0/9
  3151 | D:3      | Noticed Natasha
  3153 | D:3      | Killed Natasha
  3268 | D:3      | Noticed Natasha
  3271 | D:3      | Killed Natasha
  3389 | D:3      | Noticed Natasha
  3398 | D:3      | Killed Natasha
  3484 | D:3      | Found a blossoming altar of Fedhas.
  3806 | D:3      | Noticed Sigmund
  3817 | D:3      | Killed Sigmund
  3817 | D:3      | Reached skill level 5 in Poison Magic
  3817 | D:3      | Reached XP level 6. HP: 39/45 MP: 2/12
  3889 | D:3      | Found a deep blue altar of Sif Muna.
  4093 | D:4      | Your scales start taking on a glossy black colour.
  4093 | D:4      | Reached XP level 7. HP: 20/50 MP: 1/13
  4093 | D:4      | Gained mutation: You are resistant to electric shocks. (rElec) [Black Draconian growth]
  4687 | D:4      | Reached skill level 5 in Spellcasting
  5104 | D:5      | Entered Level 5 of the Dungeon
  5110 | D:5      | Learned a level 4 spell: Olgreb's Toxic Radiance
  5145 | D:5      | Reached skill level 6 in Poison Magic
  5446 | D:5      | Noticed Blork the orc
  5456 | D:5      | Killed Blork the orc
  5535 | D:5      | Reached skill level 1 in Air Magic
  6359 | D:6      | Reached XP level 8. HP: 38/57 MP: 7/16
  6691 | D:6      | Found a runed door.
  6695 | D:6      | Noticed Crazy Yiuf
  6701 | D:6      | Killed Crazy Yiuf
  6775 | D:6      | Noticed Prince Ribbit
  6784 | D:6      | Killed Prince Ribbit
  6784 | D:6      | Reached skill level 1 in Shields
  6784 | D:6      | Reached skill level 7 in Poison Magic
  7022 | D:6      | Found a hazy altar of Hepliaklqana.
  7025 | D:6      | Found a sparkling altar of Nemelex Xobeh.
  7028 | D:6      | Found a shimmering altar of Xom.
  7120 | D:6      | Found a shadowy altar of Dithmenos.
  7199 | D:7      | Found a staircase to the Ecumenical Temple.
  7344 | D:7      | HP: 2/57 [ice beast (7)]
  7380 | D:6      | Killed themself with a bounced orb of electricity

Vault maps used:
D:1:      dpeg_arrival_simpleton_b
D:3:      lemuel_crystal_altar, fountainhead, roderic_cross_of_infinity,
          minmay_statues_item, led_sif_pool, uniq_sigmund, uniq_natasha
D:4:      serial_undead, serial_undead_f, serial_undead_f, serial_undead_f,
          serial_undead_f
D:5:      first_ration, kennysheep_generic_room_9, uniq_blork_the_orc
D:6:      grunt_temple_overflow_diamond, lemuel_round_altar,
          uniq_prince_ribbit1, uniq_crazy_yiuf_cottage
D:7:      hangedman_cross_stitches, gammafunk_temple_overflow_wave,
          minmay_temple_entry_glass, small_statue_intersection,
          solitary_fountain, grunt_livestock, grunt_qazlal_clouds, uniq_joseph

Skill      XL: |  1  2  3  4  5  6  7  8 |
---------------+-------------------------+-----
Dodging        | 2 |  2.0
Spellcasting   | 3 4 5 6 |  6.5
Poison Magic   | 4 5 6 7 |  7.4
Conjurations   | 2 3 4 |  4.5
Air Magic      | 1 3 |  3.3
Shields        | 2 |  2.8
Fighting       | |  0.3
Polearms       | |  0.2
Stealth        | |  1.9
Unarmed Combat | |  0.9

Action                   |  1- 3 |  4- 6 |  7- 9 || total
-------------------------+-------+-------+-------++-------
Melee: Unarmed           |    32 |       |       ||    32
       Tailslap          |    10 |    16 |    26 ||    52
       Spear             |    95 |   174 |   167 ||   436
       Punch             |       |     1 |     3 ||     4
       Flail             |       |       |    32 ||    32
 Cast: Sting             |    44 |    21 |    13 ||    78
       Poisonous Vapours |     8 |    23 |    37 ||    68
       Mephitic Cloud    |     2 |     4 |    16 ||    22
       Olgreb's Toxic Ra |       |       |     3 ||     3
 Abil: Breathe Lightning |       |       |     2 ||     2
  Use: Potion            |     5 |     2 |     7 ||    14
       Scroll            |     3 |     3 |     6 ||    12
 Stab: Confused          |     4 |     2 |     2 ||     8
       Sleeping          |     3 |     4 |     2 ||     9
  Eat: Chunk             |     4 |     9 |    11 ||    24
       Ration            |       |       |     1 ||     1
Armor: Skin              |    61 |    57 |    56 ||   174
Dodge: Dodged            |   102 |   128 |   105 ||   335
Block: Buckler           |       |       |    15 ||    15

Table legend:
 A = Spawn XP
 B = Non-spawn XP
 C = Spawn XP percentage of total XP
 D = Spawn monster count
 E = Non-spawn monster count
 F = Spawn count percentage of total count
 G = Total turns spent on level
                    A         B        C        D         E        F      G
               +---------+---------+-------+---------+---------+-------+---------
         Total |       0 |    2797 |   0.0 |       0 |     138 |   0.0 |  7380
               +---------+---------+-------+---------+---------+-------+---------
           D:1 |       0 |      74 |   0.0 |       0 |      33 |   0.0 |  1763
           D:2 |       0 |      74 |   0.0 |       0 |      17 |   0.0 |  1049
           D:3 |       0 |     410 |   0.0 |       0 |      23 |   0.0 |  1115
           D:4 |       0 |     503 |   0.0 |       0 |      21 |   0.0 |  1177
           D:5 |       0 |     308 |   0.0 |       0 |      10 |   0.0 |  1231
           D:6 |       0 |    1037 |   0.0 |       0 |      17 |   0.0 |  1007
           D:7 |       0 |     391 |   0.0 |       0 |      17 |   0.0 |    38
               +---------+---------+-------+---------+---------+-------+---------
